 Dungeon Crawl Stone Soup version 0.31.0-7-gf635a9b802 (webtiles) character file.

Game seed: 10699678422582297282

1030 Esekla the Slasher (level 8, -5/54 HPs)
             Began as an Octopode Cinder Acolyte on Jan 24, 2024.
             Was an Elder of Ignis.
             Slain by a black bear (11 damage)
             ... on level 6 of the Dungeon.
             The game lasted 00:31:53 (4892 turns).

Esekla the Slasher (Octopode Cinder Acolyte)        Turns: 4892, Time: 00:31:54

Health: -5/54      AC:  1    Str: 14    XL:     8   Next: 23%
Magic:  2/14       EV: 13    Int: 18    God:    Ignis [****..]
Gold:   388        SH:  0    Dex:  7    Spells: 10/15 levels left

rFire   + . .        a - -1 falchion (flame)
rCold   . . .        (no shield)
rNeg    . . .        (helmet restricted)
rPois   .            (no amulet)
rElec   .            j - ring of flight
rCorr   .            (no ring)
SInv    .            (no ring)
Will    .....        (no ring)
Stlth   +++          (no ring)
HPRegen 0.29/turn    (no ring)
MPRegen 0.14/turn    (no ring)
                     (no ring)

%: no passive effects
@: flying, very slightly contaminated
A: almost no armour, amphibious, 8 rings, camouflage 1, gelatinous body 1,
(nimble swimmer 1), tentacles
a: Renounce Religion, Fiery Armour, Foxfire Swarm, Rising Flame


You were on level 6 of the Dungeon.
You worshipped Ignis.
Ignis was greatly pleased with you.
You visited 1 branch of the dungeon, and saw 6 of its levels.

You collected 388 gold pieces.

Inventory:

Hand Weapons
 a - a -1 falchion of flaming (weapon)
 r - a +0 trident
 s - a +0 dagger
Missiles
 h - 9 poisoned darts (quivered)
Armour
 b - a +0 buckler
Jewellery
 j - a ring of flight (left tentacle)
Wands
 f - a wand of flame (23)
Scrolls
 e - a scroll of identify
 g - 2 scrolls of enchant weapon {unknown}
 i - 2 scrolls of teleportation {unknown}
 k - a scroll of poison {unknown}
 m - a scroll of fear {unknown}
 n - a scroll of fog {unknown}
Potions
 c - a potion of haste
 l - a potion of cancellation
 o - a potion of curing
 p - a potion of resistance
 q - a potion of might


   Skills:
 * Level 4.7 Fighting
 + Level 5.6 Long Blades
 + Level 0.2 Throwing
 * Level 3.2 Dodging
 + Level 2.6 Stealth
 * Level 0.1 Shields
 * Level 4.2 Spellcasting
 * Level 1.0 Necromancy
 + Level 4.2 Fire Magic


You had 10 spell levels left.
You knew the following spells:

 Your Spells              Type           Power      Damage    Failure   Level
d - Vampiric Draining     Necr           7%         2d6       28%         3
o - Scorch                Fire           38%        2d6       3%          2

Your spell library contained the following spells:

 Spells                   Type           Power      Damage    Failure   Level
 Slow                     Hex            12%        N/A       14%         1
 Confusing Touch          Hex            3%         N/A       41%         3
 Sigil of Binding         Hex            3%         N/A       41%         3


Dungeon Overview and Level Annotations

Branches:
Dungeon (6/15)
 Temple: D:4-7

Altars:
Fedhas
Gozag
Qazlal
Trog
Uskayaw
Vehumet
The Shining One

Annotations:
D:4 1 runed translucent door, Crazy Yiuf, Dowan, Duvessa


Innate Abilities, Weirdness & Mutations

You cannot wear most types of armour.
You are amphibious.
You can wear up to eight rings at the same time.
Your skin changes colour to match your surroundings (Stealth+).
Your rubbery body absorbs attacks. (AC +1, EV +1)
((You are camouflaged when in or above water. (Stealth+)))
You have tentacles for arms and can constrict up to eight enemies at once.


Message History

Confirm with . or Enter, or press ? or * to list all spells.
Flames lash the black bear.
The black bear is lightly wounded.
The black bear's fire resistance burns away.
The black bear misses you. The black bear claws you.
The black bear barely misses you.
Casting: Scorch (safe; 3% risk of failure)
Confirm with . or Enter, or press ? or * to list all spells.
Flames lash the black bear.
The black bear is burned terribly!
The black bear is severely wounded.
The black bear bites you. The black bear claws you. x2
Casting: Scorch (safe; 3% risk of failure)
Confirm with . or Enter, or press ? or * to list all spells.
You miscast Scorch.
You are very lightly contaminated with residual magic.
Nothing appears to happen.
The black bear goes berserk!
Casting: Scorch (safe; 3% risk of failure)
Confirm with . or Enter, or press ? or * to list all spells.
Flames lash the iguana.
The iguana is moderately wounded.
The iguana's fire resistance burns away.
The black bear barely misses you. The black bear closely misses you.
The black bear barely misses you. x3; The black bear claws you.
Casting: Scorch (safe; 3% risk of failure)
Confirm with . or Enter, or press ? or * to list all spells.
Flames lash the black bear.
The black bear is burned terribly!
The black bear is almost dead.
The black bear misses you. The black bear claws you!
The black bear closely misses you.
Casting: Scorch (safe; 3% risk of failure)
Confirm with . or Enter, or press ? or * to list all spells.
Flames lash the black bear but do no damage.
The black bear bites you!
* * * LOW HITPOINT WARNING * * *
The black bear claws you.
* * * LOW HITPOINT WARNING * * *
The black bear claws you.
* * * LOW HITPOINT WARNING * * *
The black bear bites you!
You die...

#.# #.# #.# #.#
#.# ########.#
.........#########
#...lh@......#
#.##########.# #
#.# #.# #.# #.#
#.# #.# #.#


You could see a black bear (berserk, combustible) and an iguana (combustible).

Vanquished Creatures
  Grinder (D:4)
  Sigmund (D:2)
  A centaur (D:5)
  A scorpion (D:2)
  A howler monkey (D:5)
  2 orc priests
  A bombardier beetle (D:3)
  2 hounds (D:5)
  A gnoll bouda (D:3)
  2 iguanas
  2 orc wizards (D:5)
  4 gnolls (D:3)
  7 adders
  A shadow imp (D:5)
  4 ufetubi
  3 dart slugs
  A ribbon worm (D:2)
  15 orcs
  3 bats
  7 endoplasms
  3 giant cockroaches
  7 hobgoblins
  3 jackals (D:3)
  4 quokkas
  6 ball pythons
  3 frilled lizards
  6 goblins
  11 kobolds
  A rat (D:2)
104 creatures vanquished.

Notes
Turn   | Place    | Note
-------+----------+-------------------------------------------
     0 | D:1      | Esekla the Octopode Cinder Acolyte began the quest for the
                  | Orb.
     0 | D:1      | Reached XP level 1. HP: 16/16 MP: 2/2
   148 | D:1      | Reached XP level 2. HP: 19/21 MP: 3/3
   151 | D:1      | Learned a level 2 spell: Scorch
   394 | D:1      | Reached XP level 3. HP: 26/26 MP: 4/4
   471 | D:2      | Noticed Sigmund
   478 | D:2      | Killed Sigmund
   479 | D:2      | Reached skill level 4 in Long Blades
   479 | D:2      | Reached skill level 1 in Dodging
   479 | D:2      | Reached XP level 4. HP: 33/33 MP: 4/6
   479 | D:2      | Reached XP level 5. HP: 37/37 MP: 4/7
   603 | D:3      | Found an opulent altar of Gozag.
   778 | D:3      | Reached XP level 6. HP: 42/43 MP: 6/9
   857 | D:2      | Reached skill level 1 in Stealth
  2014 | D:3      | Found a hide-covered altar of Uskayaw.
  2015 | D:3      | Found a radiant altar of Vehumet.
  2219 | D:3      | Reached skill level 5 in Long Blades
  2431 | D:3      | Found a glowing golden altar of the Shining One.
  2432 | D:3      | Found a stormy altar of Qazlal.
  2909 | D:4      | Reached XP level 7. HP: 48/48 MP: 8/11
  2910 | D:4      | Noticed Duvessa
  2911 | D:4      | Noticed Dowan
  3138 | D:4      | Found a bloodstained altar of Trog.
  3157 | D:4      | Noticed Grinder
  3171 | D:4      | Killed Grinder
  3319 | D:4      | Found a blossoming altar of Fedhas.
  3373 | D:4      | Found a runed translucent door.
  3375 | D:4      | Noticed Crazy Yiuf
  4101 | D:5      | Entered Level 5 of the Dungeon
  4295 | D:5      | Reached XP level 8. HP: 54/54 MP: 9/14
  4366 | D:5      | Learned a level 3 spell: Vampiric Draining
  4639 | D:6      | Reached skill level 1 in Necromancy
  4892 | D:6      | Slain by a black bear

Illustrated notes

Levels and vault maps discovered:
D:1:      minmay_arrival_semitransparent, layout_rooms
D:2:      layout_loops_corners, uniq_sigmund
D:3:      layout_loops_cross, mainiacjoe_overflow_tiny_flanked,
          gammafunk_temple_overflow_pools, gammafunk_temple_overflow_statue,
          minmay_fractal_squares_5
D:4:      layout_layer_cave, trog_hazing_becter, lemuel_coloured_pillars_altar,
          gammafunk_ghost_grave, minivault_26, uniq_crazy_yiuf_cottage,
          uniq_duvessa, uniq_grinder
D:5:      layout_rooms, minmay_misc_feat_cross, nicolae_kite_square_tiling_tiny
D:6:      layout_basic

Skill      XL: |  1  2  3  4  5  6  7  8 |
---------------+-------------------------+-----
Long Blades    | 4 5 |  5.6
Dodging        | 1 2 3 |  3.2
Spellcasting   | 2 4 |  4.2
Fighting       | 4 |  4.7
Stealth        | 1 2 |  2.6
Fire Magic     | 4 |  4.2
Necromancy     | 1 |  1.0
Throwing       | |  0.2
Shields        | |  0.1

Action                     |  1- 3 |  4- 6 |  7- 9 || total
---------------------------+-------+-------+-------++-------
  Melee: Falchion          |    34 |    83 |    57 ||   174
         Constrict         |     8 |    17 |    16 ||    41
         Tentacles         |     5 |    15 |    16 ||    36
         Punch             |     1 |       |     3 ||     4
         Dagger            |       |     8 |     3 ||    11
  Throw: Dart              |       |     8 |       ||     8
   Cast: Scorch            |     3 |    22 |    15 ||    40
 Invoke: Fiery Armour      |     1 |       |     2 ||     3
    Use: Scroll            |       |       |     4 ||     4
         Potion            |       |       |     4 ||     4
   Stab: Sleeping          |       |     8 |     3 ||    11
 Armour: Skin              |    24 |    51 |    89 ||   164
  Dodge: Dodged            |    22 |    47 |    78 ||   147
